 Dungeon Crawl Stone Soup version 0.27.1-1-g398f81649c (webtiles) character file.

Game seed: 2535145233671224734

42 Metae the Covered (level 3, -1/33 HPs)
             Began as a Minotaur Fighter on Sept 10, 2021.
             Killed from afar by an orc wizard (4 damage)
             ... with a puff of flame
             ... on level 2 of the Dungeon.
             The game lasted 00:01:19 (708 turns).

Metae the Covered (Minotaur Fighter)                 Turns: 708, Time: 00:01:20

Health: -1/33      AC:  7    Str: 21    XL:     3   Next: 35%
Magic:  2/2        EV:  7    Int:  5    God:
Gold:   79         SH:  9    Dex:  9    Spells: 2/2 levels left

rFire    . . .     SeeInvis .   a - +0 trident
rCold    . . .     Faith    .   c - +0 kite shield
rNeg     . . .     Spirit   .   b - +0 scale mail
rPois    .         Reflect  .   (helmet restricted)
rElec    .         Harm     .   (no cloak)
rCorr    .         Rampage  .   (no gloves)
Will     .....                  (no boots)
Stlth    ..........             (no amulet)
HPRegen  0.11/turn              (no ring)
MPRegen  0.08/turn              (no ring)

@: no status effects
A: horns 2, retaliatory headbutt
a: no special abilities


You were on level 2 of the Dungeon.
You visited 1 branch of the dungeon, and saw 2 of its levels.

You collected 79 gold pieces.

Inventory:

Hand Weapons
 a - a +0 trident (weapon)
Armour
 b - a +0 scale mail (worn)
 c - a +0 kite shield (worn)
Scrolls
 e - a scroll of magic mapping {unknown}
 f - a scroll of torment {unknown}
 h - a scroll of identify {unknown}
Potions
 d - a potion of might
 g - a potion of attraction {unknown}


   Skills:
 * Level 4.2 Fighting
 + Level 2.8 Polearms
 * Level 4.3 Armour
 + Level 4.0 Shields


You had 2 spell levels left.
You didn't know any spells.
Your spell library contained the following spells:

 Spells                   Type           Power      Damage    Failure   Level
 Summon Small Mammal      Summ           0%         N/A       99%         1
 Call Canine Familiar     Summ           0%         N/A       100%        3
 Summon Guardian Golem    Hex/Summ       0%         N/A       100%        3


Dungeon Overview and Level Annotations

Branches:
Dungeon (2/15)

Altars:


Innate Abilities, Weirdness & Mutations

You have a pair of horns on your head.
You reflexively headbutt those who attack you in melee.


Message History

You block the goblin's attack. The goblin hits you but does no damage.
Your shield and scale mail prevent you from hitting the goblin.
The goblin is heavily wounded.
You block the goblin's attack.
You miss the goblin.
The goblin is heavily wounded.
You block the goblin's attack. x2
You closely miss the goblin. Your headbutt misses the goblin.
The goblin is heavily wounded.
The goblin barely misses you. You furiously retaliate!
You headbutt the goblin.
You kill the goblin!
You puncture the orc!
You kill the orc!
You hit something. Something hits you.
You closely miss something. Something hits you. x2
Your shield and scale mail prevent you from hitting something.
Something hits you but does no damage.
You hit something but do no damage. Something hits you but does no damage.
You closely miss something. Your headbutt misses something. Something hits you.
Something hits you but does no damage.
You completely miss something. You block something's attack.
You closely miss something. Something hits you.
Something hits you but does no damage.
You miss something. Your headbutt misses something.
You hear some strange, mumbled words.
A magic dart appears from out of thin air!
The magic dart hits you!
You completely miss something. Your headbutt misses something.
Something hits you.
You hit something. Your headbutt misses something.
You hear some strange, mumbled words.
Something tries to affect you, but you resist.
You hear some strange, mumbled words.
A magic dart appears from out of thin air!
The magic dart hits you!
* * * LOW HITPOINT WARNING * * *
You hear some strange, mumbled words.
A puff of flame appears from out of thin air!
The puff of flame hits you.
You die...

.# ####..# ..
.....# #.
....#
#.##.#.#
#...o..#
####o### #{#
#####.#
#...@.#
#.#####
####....<#
####........#
.........>..#
####........#
#...<....#
##########


You could see 2 orcs.

Vanquished Creatures
  A gnoll (D:1)
  3 dart slugs (D:1)
  2 orcs (D:2)
  A bat (D:1)
  A giant cockroach (D:1)
  3 goblins
  A hobgoblin (D:1)
  A quokka (D:1)
  4 ball pythons (D:1)
  2 frilled lizards (D:1)
  3 kobolds (D:1)
  2 rats (D:1)
24 creatures vanquished.

Notes
Turn   | Place    | Note
-------+----------+-------------------------------------------
     0 | D:1      | Metae the Minotaur Fighter began the quest for the Orb.
     0 | D:1      | Reached XP level 1. HP: 19/19 MP: 0/0
   225 | D:1      | Reached XP level 2. HP: 27/27 MP: 1/1
   477 | D:1      | Reached XP level 3. HP: 25/33 MP: 2/2
   708 | D:2      | Killed from afar by an orc wizard

Illustrated notes

Levels and vault maps discovered:
D:1:      lemuel_arrival_lava_pool, layout_basic, minmay_pentomino_z4
D:2:      layout_basic, shapermc_ecumenical_altar_hornbeckon, minmay_ruptured,
          uniq_sigmund

Skill      XL: |  1  2  3 |
---------------+----------+-----
Fighting       | 4 |  4.2
Armour         | 4 |  4.3
Shields        | 4 |  4.0
Polearms       | |  2.8

Action                   || total
-------------------------++-------
Melee: Trident           ||    70
       Headbutt          ||     4
Armor: Scale mail        ||    20
Dodge: Dodged            ||    13
Block: Kite shield       ||    29
